AoeStats
← SlowBoy

Golden Pit

507962535Analyzed
1v1 RM · 11d ago on Sep 20, 2026· 35m 45s· 2 players
Game mode
Random Map
Map size
Tiny (2 player)
Population
200
Speed
Normal
Resources
Standard
Victory
Conquest
Starting age
Dark Age
Ending age
Imperial Age
RankedLock teamsTeams togetherTeam positionsShared explorationLock speedFull tech treeHidden civsTurbo modeCheats
Victory
Defeat
🇫🇷 Lithuanians · France
1877
+10
🇧🇷 Vietnamese · Brazil
1743
-10
Mr.smeagoul
6:51 Loom
9:14 Feudal Age
9:18 Man-at-Arms
9:45 Double-Bit Axe
12:48 Horse Collar
14:19 Fletching
18:21 Wheelbarrow
21:32 Castle Age
20:01 Scale Barding Armor
21:04 Bloodlines
21:54 Gold Mining
22:40 Chain Barding Armor
25:16 Heavy Plow
25:09 Town Watch
25:41 Husbandry
27:58 Forging
31:29 Hand Cart
32:14 Bow Saw
SlowBoy
6:36 Loom
9:39 Feudal Age
10:15 Double-Bit Axe
11:14 Horse Collar
16:15 Wheelbarrow
19:45 Castle Age
18:25 Gold Mining
18:51 Scale Barding Armor
19:45 Bloodlines
20:11 Forging
22:12 Husbandry
22:53 Bow Saw
24:38 Light Cavalry
27:45 Town Watch
30:30 Chain Barding Armor
31:25 Iron Casting
31:47 Heavy Plow
33:04 Hand Cart
Connection lost

Rejoining the realm…

Still unreachable

The connection could not be restored.

Session expired

The server has moved on; the page needs a fresh start.